 Dungeon Crawl Stone Soup version 0.21.1-1-g345015fe64 (webtiles) character file.

128 RaHiT the Sneak (level 4, -1/34 HPs)
             Began as a Vampire Assassin on Mar 3, 2018.
             Slain by Grinder (2 damage)
             ... while paralysed by Grinder
             ... on level 3 of the Dungeon.
             The game lasted 00:07:37 (2145 turns).

RaHiT the Sneak (Vampire Assassin)                  Turns: 2145, Time: 00:07:38

Health: -1/34      AC:  4    Str: 10    XL:     4   Next: 87%
Magic:  4/4        EV:  2    Int: 13    God:
Gold:   101        SH:  0    Dex: 16    Spells: 3/3 levels left

rFire    . . .     SeeInvis +   a - +1 short sword (venom)
rCold    . . .     Gourm    .   (no shield)
rNeg     + . .     Faith    .   c - +0 robe
rPois    +         Spirit   .   (no helmet)
rElec    .         Reflect  .   q - +1 cloak {rPois}
rCorr    .         Harm     .   (no gloves)
MR       .....                  (no boots)
Stlth    +++.......             (no amulet)
HPRegen  0.11/turn              (no ring)
MPRegen  0.09/turn              (no ring)

@: paralysed
A: fangs 3, see invisible, unbreathing
a: Bat Form


You were on level 3 of the Dungeon.
You were not thirsty.

You visited 1 branch of the dungeon, and saw 3 of its levels.

You collected 101 gold pieces.

Inventory:

Hand Weapons
 a - a +1 short sword of venom (weapon)
 b - a +0 blowgun
 j - a +2 dagger
Missiles
 e - 7 poisoned needles
 p - a throwing net (quivered)
Armour
 c - a +0 robe (worn)
 q - a +1 cloak of poison resistance (worn)
Scrolls
 h - a scroll of amnesia {unknown}
 i - 2 scrolls of remove curse
 n - 2 scrolls of fear
 o - a scroll of magic mapping {unknown}
Potions
 g - 18 potions of blood
 k - a potion of brilliance
 l - a potion of might {unknown}
 m - a potion of resistance {unknown}


   Skills:
 * Level 2.5 Fighting
 + Level 2.7 Short Blades
 * Level 2.3 Throwing
 * Level 1.4 Armour
 * Level 2.4 Dodging
 + Level 6.3 Stealth


You had 3 spell levels left.
You didn't know any spells.

Dungeon Overview and Level Annotations

Branches:
Dungeon (3/15)

Altars:
Ashenzari
Nemelex Xobeh
Yredelemnul
The Shining One

Annotations:
D:3 Grinder


Innate Abilities, Weirdness & Mutations

You have razor-sharp teeth.
You have supernaturally acute eyesight. (SInv)
You can survive without breathing.


Message History

Grinder is lightly wounded.
Grinder hits you.
You writhe in agony.
A goblin and a kobold come into view.
Grinder hits you.
* * * LOW HITPOINT WARNING * * *
You writhe in agony.
* * * LOW HITPOINT WARNING * * *
The goblin wields a hunting sling.
The goblin shoots a sling bullet.
The sling bullet hits you but does no damage.
You see here a sling bullet.
Grinder gestures at you. Pain shoots through your body!
* * * LOW HITPOINT WARNING * * *
The goblin shoots a sling bullet.
The sling bullet closely misses you.
The kobold shouts!
You see here a sling bullet.
Grinder gestures at you.
You suddenly lose the ability to move!
Grinder hits you.
You die...

############# ###
.......<..@.###.##
.##########5##.#.##
>......(#.###.########
######.%.##..........#
#..#.#.#.######.#
#..##...##
.###.K###.########
........#(.......
##g.###.#######.


You could see Grinder and a kobold.

Vanquished Creatures
  Crazy Yiuf (D:2)
  3 adders (D:2)
  3 worms (D:2)
  3 dart slugs (D:2)
  An orc (D:2)
  A ball python (D:2)
  2 giant cockroaches (D:2)
  2 gnoll zombies (D:2)
  5 goblins
  4 hobgoblins
  12 jackals (D:1)
  3 kobolds
  A quokka (D:2)
  4 bats
  A frilled lizard (D:2)
  14 rats
60 creatures vanquished.

Notes
Turn   | Place    | Note
-------+----------+-------------------------------------------
     0 | D:1      | RaHiT the Vampire Assassin began the quest for the Orb.
     0 | D:1      | Reached XP level 1. HP: 16/16 MP: 1/1
    53 | D:1      | Reached XP level 2. HP: 14/22 MP: 2/2
   263 | D:1      | Reached skill level 6 in Stealth
   414 | D:1      | Reached XP level 3. HP: 27/27 MP: 3/3
  1040 | D:2      | Found a sparkling altar of Nemelex Xobeh.
  1041 | D:2      | Reached skill level 1 in Armour
  1166 | D:2      | Found a shattered altar of Ashenzari.
  1303 | D:2      | Reached XP level 4. HP: 33/33 MP: 4/4
  1805 | D:2      | Found a runed door.
  1812 | D:2      | Noticed Crazy Yiuf
  1829 | D:2      | Killed Crazy Yiuf
  1903 | D:2      | Found a glowing golden altar of the Shining One.
  2072 | D:2      | Found a basalt altar of Yredelemnul.
  2125 | D:3      | Noticed Grinder
  2143 | D:3      | HP: 1/34 [Grinder/nerve-wracking pain (7)]
  2144 | D:3      | Paralysed by Grinder for 5 turns
  2145 | D:3      | Slain by Grinder

Skill      XL: |  1  2  3 |
---------------+----------+-----
Fighting       | 2 |  2.5
Stealth        | 6 |  6.3
Throwing       | 2 |  2.3
Armour         | 1 |  1.4
Dodging        | 2 |  2.4
Short Blades   | |  2.7

Action                   |  1- 3 |  4- 6 || total
-------------------------+-------+-------++-------
Melee: Dagger            |   104 |       ||   104
       Bite              |     6 |     5 ||    11
       Short sword       |    25 |    52 ||    77
 Fire: Blowgun           |       |     7 ||     7
  Use: Potion            |     7 |     1 ||     8
       Scroll            |     1 |     1 ||     2
 Stab: Sleeping          |    11 |     2 ||    13
Armor: Robe              |    27 |     4 ||    31
Dodge: Dodged            |    62 |    34 ||    96
